[Event "*** Titled Tuesday Blitz"]
[Site "Chess.com"]
[Date "2020.04.07"]
[Round "8"]
[White "LivajaM"]
[Black "chessdjw"]
[Result "1/2-1/2"]
[WhiteElo "2355"]
[BlackElo "2644"]
[TimeControl "180+1"]
[EndTime "14:34:18 PDT"]
[Termination "Game drawn - insufficient material"]

1. d4 Nf6 2. Bg5 g6 3. Bxf6 exf6 4. c4 Bg7 5. e3 O-O 6. g3 f5 7. Bg2 d6 8. Ne2 Nd7 9. O-O Nf6 10. Nbc3 Re8 11.
Qd3 a6 12. b4 Rb8 13. a4 Be6 14. a5 d5 15. cxd5 Nxd5 16. b5 axb5 17. Qxb5 c6 18.
Qb2 Nxc3 19. Qxc3 Qd7 20. Nf4 Ra8 21. Rfb1 Ra7 22. Rb2 Rc8 23. Rab1 h5 24. Qc5 Rca8 25. Nxe6 Qxe6 26. Rxb7 Rxa5 27. Qxc6 Qxc6 28. Bxc6 Ra1 29.
Rxa1 Rxa1+ 30. Kg2 Ra8 31. Rxf7 Kxf7 32. Bxa8 Kf6 33.
Bc6 Bf8 34. Be8 Bb4 35. Kf1 Bc3 36. Ke2 Bb4 37. h3 Ba5 38. f3 Bb6 39. Kd3 Bc7 40. g4 hxg4 41. hxg4 Kg5 42. gxf5 gxf5 43. e4 fxe4+ 44. fxe4 Kf6 45. Kc4 Bb8 46. Kd5 Ke7 47. Bh5 Ba7 48. Ke5 Bb8+ 49. Kd5 Ba7 50. e5 Bb8 51.
Bg4 Ba7 52. Bf5 Bb6 53. Ke4 Ba7 54. Kd5 Bb6 55. Kc4 Bc7 56. Kb5 Kd8 57. Kc6 Bb8 58. Kb7 Bc7 59. Bg4 Ba5 60. d5 Bc3 61. e6 Bb4 62.
Kc6 Ke7 63. Bh5 Bd6 64. Be2 Be5 65. Ba6 Bd6 66. Bc8 Be5 67. Bd7 Bd6 68. Bc8 Be5 69.
d6+ Bxd6 70. Bd7 Be5 71. Be8 Bd6 72. Bd7 Be5 73. Be8 Kxe6 1/2-1/2

[Event "*** Titled Tuesday Blitz"]
[Site "Chess.com"]
[Date "2020.04.07"]
[Round "8"]
[White "JustaTrickstar"]
[Black "sorrm8thatscheckm8"]
[Result "1-0"]
[WhiteElo "2665"]
[BlackElo "2452"]
[TimeControl "180+1"]
[EndTime "14:34:20 PDT"]
[Termination "JustaTrickstar won on time"]

1. c4 Nf6 2. Nc3 g6 3. e4 d6 4. d4 Bg7 5. Bd3 O-O 6. Nge2 e5 7. d5 a5 8. O-O Na6 9. b3 Ne8 10. a3 f5 11. exf5 gxf5 12. f4 e4 13. Bc2 c5 14. dxc6 bxc6 15. Be3 Be6 16. Qd2 Qe7 17. Nd4 Bxd4 18. Bxd4 c5 19. Be3 Rf7 20. Rad1 Rg7 21. Nb5 Rd8 22. Qxa5 Nac7 23. a4 Nxb5 24. axb5 Rd7 25.
Bc1 Nf6 26. Bb2 Rg6 27. Rd2 e3 28. Re2 d5 29. Bxf6 Qxf6 30. Rxe3 Qd4 31. Re1 Rdg7 32. g3 h5 33. Kg2 h4 34. Qd8+ Kh7 35.
Qxh4+ Rh6 36. Qd8 Qxf4 37. cxd5 Bxd5+ 38. Qxd5 Rxh2+ 39. Kxh2 Qf2+ 40. Qg2 1-0

[Event "*** Titled Tuesday Blitz"]
[Site "Chess.com"]
[Date "2020.04.07"]
[Round "8"]
[White "Vusatiuk_Vladimir"]
[Black "1f3_2g41-0"]
[Result "1-0"]
[WhiteElo "2375"]
[BlackElo "2166"]
[TimeControl "180+1"]
[EndTime "14:34:20 PDT"]
[Termination "Vusatiuk_Vladimir won by checkmate"]

1. e4 c5 2. Nf3 d6 3. d4 cxd4 4.
Qxd4 Nf6 5. Be2 Nc6 6. Qe3 g6 7.
O-O Bg7 8. c4 O-O 9. Nc3 Nd7 10.
b3 Nc5 11. Bb2 Bg4 12. Rfd1 a6 13. Rac1 Bxf3 14. Bxf3 Ne6 15. Bg4 Ned4 16. Kh1 e6 17.
Ne2 Nxe2 18. Qxe2 Bxb2 19. Qxb2 e5 20. c5 Nd4 21. cxd6 Qxd6 22. Rc4 b5 23. Rc3 f5 24. exf5 gxf5 25. Bf3 Rac8 26. Re3 Qf6 27. Bd5+ Kh8 28. Rc3 Qd6 29. Bb7 Rc7 30. Rxc7 Qxc7 31. Bd5 Qc5 32. Bb7 Qb6 33. Bd5 Rd8 34. Bf7 Qf6 35. Bh5 Qg5 36. Be2 Rc8 37. Bd3 Rg8 38. Bf1 Qf4 39. a4 bxa4 40. bxa4 Nf3 41. g3 Qh6 42. h3 Qc6 43. Bg2 Rg7 44. Rd8+ Rg8 45. Rd3 Qxa4 46. Bxf3 Re8 47.
Re3 Qa5 48. Bg2 Kg7 49. Qb7+ Kf6 50. Qc6+ Re6 51. Qc8 f4 52. gxf4 exf4 53. Rxe6+ Kg5 54. Qg8+ Kf5 55. Be4# 1-0

[Event "*** Titled Tuesday Blitz"]
[Site "Chess.com"]
[Date "2020.04.07"]
[Round "8"]
[White "ChessQueen"]
[Black "lIlIlIlI_lIl"]
[Result "1-0"]
[WhiteElo "2775"]
[BlackElo "2614"]
[TimeControl "180+1"]
[EndTime "14:34:21 PDT"]
[Termination "ChessQueen won on time"]

1. e4 c5 2. c3 e6 3. Nf3 d5 4.
exd5 exd5 5. d4 Nf6 6. Bb5+ Bd7 7.
Bxd7+ Nbxd7 8. O-O Be7 9. dxc5 Nxc5 10. Be3 O-O 11. Nbd2 Re8 12. Nb3 Nce4 13. Nbd4 a6 14. h3 Qd7 15. Re1 Rad8 16. a4 Bd6 17. Qd3 Bb8 18.
Ne2 h6 19. a5 Qc8 20. Rad1 Bc7 21. Ra1 Rd7 22. Red1 Qd8 23. b4 Qc8 24. Rac1 Nd6 25. Bd4 Nfe4 26. Re1 Nc4 27. Qc2 Re6 28. Rcd1 Qd8 29. Nc1 Rg6 30. Nd3 Re6 31. Nc5 Nxc5 32. Bxc5 Qf6 33. Nd4 Rxe1+ 34. Rxe1 Rd8 35. Qf5 Qxf5 36.
Nxf5 Ne5 37. Bd4 f6 38. Kf1 Nc6 39. Bc5 Kf7 40. Nd4 1-0

[Event "*** Titled Tuesday Blitz"]
[Site "Chess.com"]
[Date "2020.04.07"]
[Round "8"]
[White "riconaipe"]
[Black "Sadikhov_Ulvi"]
[Result "1-0"]
[WhiteElo "2555"]
[BlackElo "2698"]
[TimeControl "180+1"]
[EndTime "14:34:21 PDT"]
[Termination "riconaipe won by resignation"]

1. d4 Nf6 2. c4 g6 3. g3 Bg7 4.
Bg2 O-O 5. e4 d6 6. Ne2 e5 7.
Nbc3 Nc6 8. d5 Nd4 9. O-O c5 10. dxc6 Nxc6 11. Bg5 h6 12. Bxf6 Bxf6 13. Nd5 Bg7 14.
b4 Be6 15. b5 Nd4 16. Nxd4 exd4 17. Qd3 Rc8 18. Rac1 Qa5 19. Ne7+ Kh8 20. Nxc8 Rxc8 21. Rc2 Qb4 22. Rfc1 Qc5 23. h4 h5 24. Kh2 Re8 25.
f4 f5 26. Re1 Bf7 27. Rec1 Be6 28. Re2 Kh7 29. Bf1 fxe4 30. Qxe4 Bd7 31. Qxb7 Rxe2+ 32. Bxe2 Bf5 33. Qf3 Qb4 34. Rd1 Qb2 35. Qg2 Qc3 36. g4 hxg4 37. Bxg4 Bc2 38. Rg1 d3 39. Bd1 d2 40. h5 Bd4 41. hxg6+ Kg7 42. Qb7+ 1-0

[Event "*** Titled Tuesday Blitz"]
[Site "Chess.com"]
[Date "2020.04.07"]
[Round "8"]
[White "PetrolulSah"]
[Black "Qvalda"]
[Result "1-0"]
[WhiteElo "2242"]
[BlackElo "2357"]
[TimeControl "180+1"]
[EndTime "14:34:21 PDT"]
[Termination "PetrolulSah won on time"]

1. d4 g6 2. c4 Bg7 3. Nc3 c5 4. Nf3 cxd4 5. Nxd4 Nc6 6. e3 Nf6 7. g3 Nxd4 8. exd4 d5 9. cxd5 Nxd5 10. Bg2 Be6 11.
Qa4+ Kf8 12. O-O h6 13. Re1 Bf6 14. Qb5 Nxc3 15. bxc3 Rc8 16. Qxb7 Rxc3 17. Bb2 Rc7 18. Qb5 Kg7 19. d5 Bd7 20. Bxf6+ exf6 21. Qb2 h5 22. h4 Bf5 23. Rac1 Rxc1 24. Rxc1 Qb8 25. Qd4 Qe5 26.
Qxa7 Rc8 27. Rxc8 Bxc8 28. Qa5 Bg4 29. Qd2 Qa1+ 30. Kh2 Bd7 31. d6 Qe5 32. a4 g5 33.
hxg5 fxg5 34. Qe3 Qxd6 35. Qxg5+ Kf8 36. Qd8+ Kg7 37. Bh3 Qd2 38. Qxd7 Qxf2+ 39. Bg2 h4 40. Qg4+ Kf8 41. Qxh4 f5 42. Qf4 1-0

[Event "*** Titled Tuesday Blitz"]
[Site "Chess.com"]
[Date "2020.04.07"]
[Round "8"]
[White "AlanZhang"]
[Black "zacachess"]
[Result "0-1"]
[WhiteElo "2136"]
[BlackElo "2292"]
[TimeControl "180+1"]
[EndTime "14:34:21 PDT"]
[Termination "zacachess won by checkmate"]

1. e4 c5 2. Nf3 Nc6 3. d4 cxd4 4.
Nxd4 g6 5. c4 Bg7 6. Be3 Nf6 7.
Nc3 d6 8. Be2 O-O 9. Qd2 Nxd4 10. Bxd4 a5 11. O-O Bd7 12. Rfc1 Bc6 13. f3 a4 14. Rab1 Nd7 15. Be3 Qa5 16. b4 axb3 17. axb3 Qe5 18. f4 Qf6 19. b4 Ra3 20. Nd5 Bxd5 21. cxd5 Rfa8 22. Rc7 Ra2 23. Qd1 Ra1 24. Bd3 Rxb1 25. Bxb1 Nf8 26. Rxb7 Qc3 27. Bf2 Ra1 28.
Ra7 Rxa7 29. Bxa7 Qxb4 30. Be3 Nd7 31. Qc1 Nc5 32. Bxc5 dxc5 33. e5 Qd4+ 34. Kh1 Qxd5 35. h3 Bh6 36. Qf1 Qd4 37. g3 c4 38. Ba2 c3 39.
Qb1 Qd2 40. Bb3 g5 41. e6 fxe6 42. Bxe6+ Kg7 43. f5 g4 44. Qb8 Qd1+ 45. Kh2 Qe2+ 46. Kh1 Qf1+ 47. Kh2 Qxh3+ 48. Kg1 Be3# 0-1

[Event "*** Titled Tuesday Blitz"]
[Site "Chess.com"]
[Date "2020.04.07"]
[Round "8"]
[White "ApacheSVD"]
[Black "tacticthunder"]
[Result "1-0"]
[WhiteElo "2389"]
[BlackElo "2522"]
[TimeControl "180+1"]
[EndTime "14:34:24 PDT"]
[Termination "ApacheSVD won by resignation"]

1. e4 c5 2. Nf3 Nc6 3. d4 cxd4 4. Nxd4 Nf6 5. Nc3 d6 6. Bg5 e6 7. Qd2 a6 8. O-O-O Be7 9. f4 Nxd4 10.
Qxd4 b5 11. Bxf6 gxf6 12. Be2 Qc7 13. Bh5 Qc5 14. f5 b4 15. Qxc5 dxc5 16. Na4 Rb8 17. Rhe1 Rb7 18. e5 Bd7 19. Rxd7 Kxd7 20. Bxf7 fxe5 21. Bxe6+ Kd6 22. b3 Rd8 23. Nb2 Bg5+ 24.
Kb1 Ke7 25. Nd3 Rxd3 26. cxd3 Kf6 27. Kc2 Rb6 28. g3 h5 29. h4 Bh6 30. Re4 a5 31. g4 hxg4 32. Rxg4 Bf4 33. Rg6+ Ke7 34. f6+ Kd6 35. f7 Ke7 36. Rg8 Bh6 37. Re8+ Kf6 38.
Bc4 a4 39. f8=Q+ Bxf8 40. Rxf8+ Ke7 41. Rf7+ Ke8 42. bxa4 Rd6 43. Rf5 e4 44. Re5+ 1-0

[Event "*** Titled Tuesday Blitz"]
[Site "Chess.com"]
[Date "2020.04.07"]
[Round "8"]
[White "MalyDominator"]
[Black "yawnpawn"]
[Result "1-0"]
[WhiteElo "2248"]
[BlackElo "1748"]
[TimeControl "180+1"]
[EndTime "14:34:24 PDT"]
[Termination "MalyDominator won on time"]

1. e4 c5 2. Nf3 Nc6 3. d4 cxd4 4.
Nxd4 g6 5. c4 Bg7 6. Be3 Nf6 7.
Nc3 O-O 8. Be2 d6 9. O-O Bd7 10. Qd2 Nxd4 11. Bxd4 Bc6 12. f3 Nd7 13. Be3 a5 14. b3 Nc5 15. Rab1 Qb6 16. Rfc1 Rae8 17. Rc2 Qd8 18. a3 f5 19. b4 Na4 20. Nxa4 Bxa4 21.
Rcc1 fxe4 22. Qd5+ e6 23. Qxe4 Bc6 24. Qd3 axb4 25.
axb4 b6 26. Rd1 d5 27. b5 Bb7 28. c5 d4 29. Bxd4 Bxd4+ 30. Qxd4 Qxd4+ 31. Rxd4 bxc5 32. Rd7 Bd5 33. b6 Rb8 34. Rc7 Rfc8 35. Kf2 c4 36. Ke3 c3 37. Ba6 Rd8 38. Rxc3 Ba2 39. Rb2 Bd5 40.
Rc7 Ba8 41. Bd3 Bd5 42. b7 Kf8 43. Rxh7 Ke8 44. Bb5+ 1-0

[Event "*** Titled Tuesday Blitz"]
[Site "Chess.com"]
[Date "2020.04.07"]
[Round "8"]
[White "Haykos"]
[Black "hermionegrangermagic"]
[Result "0-1"]
[WhiteElo "2581"]
[BlackElo "2487"]
[TimeControl "180+1"]
[EndTime "14:34:26 PDT"]
[Termination "hermionegrangermagic won by checkmate"]

1. e4 c5 2. Nf3 Nc6 3. Bb5 d6 4. O-O Bd7 5. c3 a6 6. Bxc6 Bxc6 7. Re1 Nf6 8. d4 cxd4 9. cxd4 Bxe4 10. Bg5 Bd5 11.
Nc3 Be6 12. d5 Bd7 13. Bxf6 gxf6 14. Nd4 Bg7 15. Qf3 O-O 16. Re4 Qb6 17. Rxe7 Qxd4 18.
Rxd7 Qd2 19. Rxd6 Qxb2 20. Re1 Rae8 21. Rxe8 Rxe8 22. g3 a5 23. Rd7 b5 24. d6 b4 25.
Nd5 Qxa2 26. Ne7+ Kh8 27. Nf5 b3 28. Re7 Rg8 29. Nxg7 b2 30. Qxf6 b1=Q+ 31. Kg2 Qd5+ 32. Kh3 Qf1+ 33. Kh4 Qfc4+ 34. f4 Qcd4 35. Nh5+ Qxf6+ 36. Nxf6 Qxd6 37. Nxg8 Kxg8 38. Re5 Qf6+ 39. Kg4 Kf8 40. Rf5 Qe6 41. Kg5 Qg6+ 42. Kh4 Qxf5 43. g4 Qd7 44. Kh5 a4 45. f5 a3 46. Kh6 a2 47. g5 a1=Q 48.
h4 Qg7+ 49. Kh5 Qd6 50. Kg4 Qgd4+ 51. Kh5 Qg6+ 52. fxg6 fxg6+ 53. Kh6 Qxh4# 0-1

[Event "*** Titled Tuesday Blitz"]
[Site "Chess.com"]
[Date "2020.04.07"]
[Round "8"]
[White "imdvb6307"]
[Black "politeplayer"]
[Result "1-0"]
[WhiteElo "2394"]
[BlackElo "2208"]
[TimeControl "180+1"]
[EndTime "14:34:26 PDT"]
[Termination "imdvb6307 won by resignation"]

1. c4 e6 2. Nf3 d5 3. e3 Nf6 4. b3 c5 5. Bb2 Nc6 6. cxd5 exd5 7. Bb5 Bd6 8. O-O Bg4 9. d4 cxd4 10. Bxd4 O-O 11.
Be2 Re8 12. Bb2 Bc7 13. Nc3 a6 14.
h3 Bh5 15. Nd4 Qd6 16. g3 Nxd4 17. Qxd4 Bxe2 18. Nxe2 Re4 19. Qc3 Qd7 20. Kg2 Be5 21. Qd2 Bxb2 22. Qxb2 h5 23. h4 Ng4 24. Rad1 Rae8 25. Nf4 R4e5 26. Qd2 Nf6 27. Qd4 Qg4 28.
Nh3 Ne4 29. Rc1 g5 30. Qd1 Qxd1 31. Rfxd1 gxh4 32. gxh4 Rf5 33. Nf4 Kh7 34. Rxd5 Rg8+ 35. Kf1 Rxd5 36. Nxd5 Nd2+ 37. Ke2 Ne4 38. Rc4 Nf6 39.
Nxf6+ 1-0

[Event "*** Titled Tuesday Blitz"]
[Site "Chess.com"]
[Date "2020.04.07"]
[Round "8"]
[White "GOGIEFF"]
[Black "Noukii"]
[Result "1-0"]
[WhiteElo "2943"]
[BlackElo "2752"]
[TimeControl "180+1"]
[EndTime "14:34:27 PDT"]
[Termination "GOGIEFF won by resignation"]

1. d4 d5 2. c4 c6 3. Nc3 Nf6 4. e3 e6 5. Bd2 c5 6. Nf3 Nc6 7. cxd5 exd5 8. h3 cxd4 9. exd4 Bd6 10. Bd3 O-O 11. O-O h6 12. a3 Re8 13. Rc1 Be6 14.
Re1 Rc8 15. Na4 Rc7 16. Nc5 Bc8 17. Rxe8+ Qxe8 18. b4 Ne7 19. Qe2 Bf5 20. Re1 Bxd3 21. Qxd3 Qc8 22. Ne5 Qf5 23. Qb5 b6 24. Ncd3 Rc2 25.
Be3 Qc8 26. Qa4 a6 27. Bf4 Ne4 28. f3 Bxe5 29. Nxe5 b5 30. Qb3 Rc3 31. Qb1 Nf6 32. Nd3 Nf5 33. Be5 Nd7 34. Nc5 Nb6 35. Qb2 Rc4 36.
Kh2 f6 37. Bg3 Nxd4 38. Qb1 Qf5 39. Re8+ Kf7 40. Qe1 Kg6 41. Re7 Rc2 42. Kh1 Nxf3 43. Qd1 Qg5 44. Qxf3 Nc4 45. Qd3+ f5 46. Qxc2 Qxe7 47.
Nd3 Qe3 48. Bf4 Kh7 49. Bxe3 1-0

[Event "*** Titled Tuesday Blitz"]
[Site "Chess.com"]
[Date "2020.04.07"]
[Round "8"]
[White "TwentyHoursADay"]
[Black "Witik"]
[Result "0-1"]
[WhiteElo "2523"]
[BlackElo "2711"]
[TimeControl "180+1"]
[EndTime "14:34:28 PDT"]
[Termination "Witik won on time"]

1. c4 e6 2. e4 c5 3. Nf3 Nc6 4. Nc3 Nf6 5. Be2 e5 6. O-O d6 7.
d3 Be7 8. Ne1 Nd4 9. f4 O-O 10.
f5 a6 11. Nf3 b5 12. cxb5 axb5 13. Nxd4 cxd4 14. Nxb5 d5 15. exd5 Ba6 16. Qb3 Rb8 17. a4 Nxd5 18. Bf3 Ne3 19. Re1 Qb6 20. Be4 g6 21.
fxg6 hxg6 22. Re2 Kg7 23. Bxe3 dxe3 24. Rf1 f5 25. Bd5 Bxb5 26. axb5 Qxb5 27. Qa2 Qxd3 28. Bc4 Qd4 29. b3 Rb7 30. Qa6 Rc7 31. Qe6 Bf6 32. Rf3 Qd1+ 33. Rf1 Qd4 34. Rf3 f4 35. Rf1 Re7 36. Qg4 g5 37. Ree1 e4 38. Kh1 Qe5 39. Rd1 Rh8 40. Rd5 Rh4 41. Qc8 Qc7 42. Qf5 f3 43. g3 Qxg3 44. h3 Rxh3+ 0-1

[Event "*** Titled Tuesday Blitz"]
[Site "Chess.com"]
[Date "2020.04.07"]
[Round "8"]
[White "GMNeiksans"]
[Black "iaraldinho"]
[Result "1-0"]
[WhiteElo "2842"]
[BlackElo "2637"]
[TimeControl "180+1"]
[EndTime "14:34:30 PDT"]
[Termination "GMNeiksans won on time"]

1. e4 c5 2. Nf3 a6 3. g3 Nc6 4.
Bg2 e6 5. O-O Nf6 6. Nc3 d6 7. d4 cxd4 8. Nxd4 Qc7 9. Nce2 Bd7 10. b3 Be7 11. c4 O-O 12. Bb2 Rad8 13. Rc1 Qa5 14. Nc3 Nxd4 15. Qxd4 Bc6 16. Rfe1 Ne8 17. Qd3 Bf6 18. a3 b5 19. cxb5 axb5 20. b4 Qb6 21. Rc2 d5 22. exd5 Bxc3 23. Qxc3 Bxd5 24. Bxd5 Rxd5 25.
Rd2 Rxd2 26. Qxd2 Qd6 27. Qe2 Qa6 28. Rd1 Nf6 29. Bxf6 gxf6 30. Qg4+ Kh8 31. Qf4 f5 32. Rd3 Rc8 33. Kg2 Qc6+ 34. Kh3 Qa6 35. Qg5 Qc6 36.
f3 Qc2 37. Rd7 Rf8 38. Rd4 Qb1 39. Qf6+ Kg8 40. Qg5+ Kh8 41. Qe3 Qf1+ 42. Kh4 1-0

[Event "*** Titled Tuesday Blitz"]
[Site "Chess.com"]
[Date "2020.04.07"]
[Round "8"]
[White "Mikhail_Golubev"]
[Black "BaMBoMaTTo"]
[Result "0-1"]
[WhiteElo "2536"]
[BlackElo "2745"]
[TimeControl "180+1"]
[EndTime "14:34:31 PDT"]
[Termination "BaMBoMaTTo won on time"]

1. e4 c5 2. Nf3 d6 3. d4 cxd4 4. Nxd4 Nf6 5. Nc3 a6 6. Bc4 e6 7. Bb3 b5 8. O-O Be7 9. f4 Bb7 10. Be3 b4 11. Na4 Nbd7 12. f5 e5 13. Ne6 fxe6 14.
fxe6 Nf8 15. Nb6 Bc6 16. Nd5 Rb8 17. c3 bxc3 18. Ba4 Bb5 19. bxc3 Nxe6 20. c4 Bxa4 21. Qxa4+ Qd7 22. Qxa6 O-O 23. Nxe7+ Qxe7 24. Rad1 Nxe4 25. Rxf8+ Rxf8 26. Qc6 Nc3 27. Re1 Nxa2 28. h3 Nb4 29. Qe4 Nc5 30. Qb1 Nbd3 31. Re2 Qh4 32. Qd1 Qxc4 33.
Kh2 e4 34. Rc2 Qe6 35. Bd4 Qf5 36. Qg1 Qf4+ 37. g3 Qf1 38. Qe3 Qf5 0-1

[Event "*** Titled Tuesday Blitz"]
[Site "Chess.com"]
[Date "2020.04.07"]
[Round "8"]
[White "yarosavich"]
[Black "JustWatch000"]
[Result "1-0"]
[WhiteElo "2733"]
[BlackElo "2585"]
[TimeControl "180+1"]
[EndTime "14:34:32 PDT"]
[Termination "yarosavich won by resignation"]

1. d4 Nf6 2. c4 e6 3. Nf3 b6 4. a3 Bb7 5. Nc3 Ne4 6. Nxe4 Bxe4 7. Bf4 d6 8. e3 Be7 9. Bd3 Bxd3 10. Qxd3 Nd7 11.
h4 c5 12. h5 h6 13. Rd1 cxd4 14.
exd4 O-O 15. d5 e5 16. Bc1 f5 17. Qe2 a5 18. g4 fxg4 19. Nh2 g3 20. fxg3 Bg5 21.
Nf3 Bxc1 22. Rxc1 e4 23. Nd4 Qg5 24. Rc3 Nc5 25. Kd1 Rae8 26. Re3 Nd3 27. Rh2 Rf1+ 28. Kc2 a4 29. Qxf1 Qxe3 30. Nf5 Qc5 31. Kb1 b5 32. cxb5 Qxd5 33. Rd2 Re5 34. g4 Qxb5 35. Nxd6 Qd5 36.
Nf5 Re6 37. Qe2 Kh7 38. Qe3 Qb5 39. Rc2 Rc6 40. Nd4 Rxc2 41. Qxe4+ Kg8 42. Nxb5 Rxb2+ 43. Ka1 1-0

[Event "*** Titled Tuesday Blitz"]
[Site "Chess.com"]
[Date "2020.04.07"]
[Round "8"]
[White "silverback96"]
[Black "Federtiu"]
[Result "0-1"]
[WhiteElo "2156"]
[BlackElo "2676"]
[TimeControl "180+1"]
[EndTime "14:34:32 PDT"]
[Termination "Federtiu won by resignation"]

1. d4 g6 2. c4 Bg7 3. Nf3 d6 4. g3 Nf6 5. Bg2 O-O 6. Nc3 c6 7. O-O a6 8. e4 Bg4 9. Re1 Nfd7 10. h3 Bxf3 11. Bxf3 b5 12. cxb5 axb5 13. Bf4 Nb6 14. e5 d5 15. e6 fxe6 16. Rxe6 Rxf4 17. gxf4 Qf8 18. Qe2 Ra7 19. Nxb5 cxb5 20. Rxb6 Bxd4 21. Bxd5+ Kg7 22. Re6 Qxf4 23. Re1 Qg5+ 24. Kf1 Qxd5 25.
Rxe7+ Rxe7 26. Qxe7+ Qf7 27. Qh4 Bf6 28. Qb4 Qd5 29.
a4 bxa4 30. Qxb8 Qh1+ 31. Ke2 Qe4+ 32. Kf1 Qh1+ 33. Ke2 Qe4+ 34. Kd1 Qd3+ 35. Kc1 Qf5 36. Qc7+ Kh6 37. Re2 Bg5+ 38. Kd1 Qb1+ 0-1

[Event "*** Titled Tuesday Blitz"]
[Site "Chess.com"]
[Date "2020.04.07"]
[Round "8"]
[White "Zkid"]
[Black "nihalsarin"]
[Result "0-1"]
[WhiteElo "2826"]
[BlackElo "3074"]
[TimeControl "180+1"]
[EndTime "14:34:33 PDT"]
[Termination "nihalsarin won by resignation"]

1. e4 c6 2. d4 d5 3. exd5 cxd5 4. Bd3 Nc6 5. c3 Qc7 6. Ne2 Bg4 7. O-O e6 8. Qe1 Bd6 9. f3 Bh5 10. Qh4 Bg6 11. Bxg6 fxg6 12. Bf4 Nf6 13. Nd2 O-O 14. Qg3 e5 15. dxe5 Nxe5 16. Qh3 Rae8 17. Nd4 Nd3 18. Bxd6 Qxd6 19. Qg3 Qb6 20. f4 Nc5 21. N2b3 Nxb3 22. axb3 Re2 23. Rf2 Ne4 24. Rxe2 Nxg3 25. hxg3 g5 26. f5 Rxf5 27. Re6 Qc5 28. b4 Qc8 29. Rxa7 Rf7 30. Ra1 h6 31. Rae1 Kh7 32. R1e5 Qc7 33. Nf5 Qc4 34. Kh2 Qg4 35. Ne3 Qh5+ 36. Kg1 Qe2 37. Nxd5 Qxb2 38. Re2 Qb1+ 39. Re1 Qc2 40. R6e2 Qd3 41. Re5 Qd2 42. R1e2 Qd1+ 43. Re1 Qd2 44.
R1e2 Qd3 45. Re1 Qxg3 46. c4 Rf2 47. Ne3 Rb2 0-1

[Event "*** Titled Tuesday Blitz"]
[Site "Chess.com"]
[Date "2020.04.07"]
[Round "8"]
[White "fmshawnrl123"]
[Black "SlavenPastar"]
[Result "1-0"]
[WhiteElo "2719"]
[BlackElo "2507"]
[TimeControl "180+1"]
[EndTime "14:34:33 PDT"]
[Termination "fmshawnrl123 won on time"]

1. c4 e5 2. a3 g6 3. g3 Bg7 4.
Bg2 Nc6 5. Nc3 f5 6. b4 a6 7. e3 Nf6 8. Nge2 O-O 9. Nd5 d6 10.
Nec3 Be6 11. Bb2 Rb8 12. O-O Ne7 13. d4 e4 14. Nxf6+ Bxf6 15. d5 Bd7 16. Qc2 g5 17. Rae1 Ng6 18. Nd1 g4 19. Bd4 Qe7 20. Nc3 Qg7 21. Ne2 h5 22. Qb2 h4 23. Rc1 Ne5 24. Bxe5 Bxe5 25. Qd2 Rf7 26. Nf4 Qh6 27. c5 Kg7 28. c6 bxc6 29. dxc6 Be6 30. a4 Rh8 31.
Bh1 Bb3 32. b5 Bxa4 33. bxa6 Bb5 34. a7 Bxf1 35. Rxf1 Ra8 36. Qa2 hxg3 37. fxg3 Bxf4 38. Rxf4 Qf6 39. Bxe4 Qc3 40. Bd5 Qxe3+ 41. Kg2 Rxa7 42. Qb2+ Rf6 43. Rxf5 Qe2+ 44. Qxe2 Rxf5 45. Qe7+ Kg6 46. Qe8+ Kf6 47. Qf7+ Kg5 48. Qg7+ Kh5 49. Bf7+ Rxf7 50. Qxf7+ 1-0

[Event "*** Titled Tuesday Blitz"]
[Site "Chess.com"]
[Date "2020.04.07"]
[Round "8"]
[White "Chesswizard_2007"]
[Black "Rubinstein_Akiba"]
[Result "0-1"]
[WhiteElo "2600"]
[BlackElo "2366"]
[TimeControl "180+1"]
[EndTime "14:34:33 PDT"]
[Termination "Rubinstein_Akiba won on time"]

1. Nf3 c5 2. g3 d5 3. Bg2 g6 4. O-O Bg7 5. c4 d4 6. e3 Nc6 7.
exd4 cxd4 8. d3 Nf6 9. a3 a5 10. Bg5 O-O 11. Nbd2 Nd7 12. Ne4 f5 13. Nd6 Qb6 14.
Nxc8 Raxc8 15. Qc2 e5 16. Nd2 Nc5 17. Rfb1 h6 18.
b4 axb4 19. axb4 Nxb4 20. Qb2 Ncxd3 21. Qb3 Qc7 22. Bf1 hxg5 23. Bxd3 Nxd3 24. Qxd3 e4 25. Qb3 e3 26. Nf3 g4 27. Nh4 exf2+ 28. Kxf2 f4 29. Nxg6 fxg3+ 30. Ke2 Rf2+ 31. Kd1 gxh2 32. c5+ Kh7 33. Qd5 Kxg6 34. Qe4+ Kg5 35. c6 Qxc6 36. Qe7+ Qf6 37. Ra5+ Kg6 38. Qe4+ Rf5 39. Qxg4+ Rg5 40. Qe4+ Kh5 41. Rb6 Qf1+ 42. Kd2 Qf2+ 0-1

[Event "*** Titled Tuesday Blitz"]
[Site "Chess.com"]
[Date "2020.04.07"]
[Round "8"]
[White "IAgrest"]
[Black "AquivaRubinstein"]
[Result "1-0"]
[WhiteElo "2223"]
[BlackElo "2367"]
[TimeControl "180+1"]
[EndTime "14:34:33 PDT"]
[Termination "IAgrest won by checkmate"]

1. e4 c5 2. Nf3 d6 3. d4 cxd4 4. Nxd4 Nf6 5. Nc3 a6 6. Bg5 e6 7. f4 Qb6 8. a3 Nbd7 9. Be2 Be7 10.
Qd2 h6 11. Bxf6 Bxf6 12. O-O-O Qc7 13. Rhe1 Be7 14. Kb1 Rb8 15. f5 Ne5 16. fxe6 fxe6 17. Bh5+ g6 18. Be2 b5 19. Nf3 Bb7 20. Qe3 Bc6 21. Nd4 Bd7 22. Rf1 b4 23. axb4 Rxb4 24. Nb3 Bg5 25. Qg3 a5 26. Rd4 Qb6 27. Rxb4 axb4 28.
Nd1 Ke7 29. h4 Bf6 30. Ne3 Ra8 31. Nc4 Nxc4 32. Bxc4 Qa7 33. Qxg6 Qa2+ 34. Kc1 Qxb2+ 35.
Kd1 Qb1+ 36. Kd2 Bc3+ 37. Ke3 Qxc2 38. Qh7+ Kd8 39. Rf8+ Be8 40. Qxh6 Qc1+ 41. Nxc1 Bd2+ 42. Kxd2 Ra1 43. Kd1 Kc7 44. Qg5 Kb6 45. Qf6 Kc5 46.
Rxe8 d5 47. Rxe6 Kxc4 48. Rc6+ Kb5 49. exd5 Ka4 50. Qxa1+ Kb5 51. Qa6# 1-0

[Event "*** Titled Tuesday Blitz"]
[Site "Chess.com"]
[Date "2020.04.07"]
[Round "8"]
[White "Walter_White_Poland"]
[Black "Martins-BR"]
[Result "1-0"]
[WhiteElo "2137"]
[BlackElo "2269"]
[TimeControl "180+1"]
[EndTime "14:34:33 PDT"]
[Termination "Walter_White_Poland won by resignation"]

1. e4 c5 2. Nf3 e6 3. d4 cxd4 4. Nxd4 Nc6 5. Nc3 Qc7 6. a3 a6 7. Nxc6 bxc6 8. Bd3 Nf6 9. O-O d5 10. Re1 Be7 11. e5 Nd7 12. Qg4 g6 13. Bh6 Nxe5 14.
Qg3 f6 15. f4 Nxd3 16. cxd3 Qb6+ 17. Kh1 Qxb2 18. d4 Qb6 19. f5 Kf7 20. fxe6+ Bxe6 21. Qe3 c5 22. Nxd5 Qd6 23. Nxe7 Kxe7 24. d5 Qxd5 25. Rad1 Qc6 26. Bg7 Rhg8 27. Qh6 Kf7 28. Bxf6 Kxf6 29. Qf4+ Kg7 30. Qe5+ Kf7 31. Rd6 Qc8 32. Rxe6 Re8 33. Qf6+ Kg8 34. Rxe8+ Qxe8 35. Rxe8+ Rxe8 36. h4 c4 37.
Qc6 Re1+ 38. Kh2 Rc1 39. h5 gxh5 40. Qd5+ Kf8 41. Qf3+ Kg7 42. Qg3+ Kh8 43. Qe5+ Kg8 44. Qg5+ 1-0

[Event "*** Titled Tuesday Blitz"]
[Site "Chess.com"]
[Date "2020.04.07"]
[Round "8"]
[White "sergiochess83"]
[Black "Sibelephant"]
[Result "0-1"]
[WhiteElo "2839"]
[BlackElo "3144"]
[TimeControl "180+1"]
[EndTime "14:34:34 PDT"]
[Termination "Sibelephant won on time"]

1. e4 c5 2. Nf3 d6 3. d4 cxd4 4.
Nxd4 Nf6 5. Nc3 a6 6. Be3 Ng4 7. Bc1 Nc6 8. Be2 Nf6 9. Be3 e6 10. g4 Qc7 11. g5 Nd7 12. h4 b5 13. a3 Bb7 14. h5 Nce5 15. Rh3 Nc4 16. Bxc4 Qxc4 17.
Nb3 Qc7 18. Qd4 Ne5 19. h6 Rg8 20. O-O-O Nc4 21. Kb1 gxh6 22. gxh6 Be7 23. Bc1 O-O-O 24. a4 b4 25. Na2 d5 26. Qa7 dxe4 27. Rxd8+ Rxd8 28. c3 e3 29. Bxe3 Be4+ 30. Kc1 Qxa7 31. Bxa7 Ne5 32. Nxb4 Bxb4 33. cxb4 Nd3+ 34. Rxd3 Bxd3 35.
Be3 Kc7 36. Nc5 Kc6 37. b3 Bf1 38. Kc2 e5 39. Kc3 f5 40. f4 e4 41. Bd4 Rd6 42. Be5 Rxh6 0-1